 Dungeon Crawl Stone Soup version 0.29.0-10-g45618ea6d2 (webtiles) character file.

Game seed: 7677599572290920986

52647 gelatine the Fighter (level 14, -18/129 HPs)
             Began as a Minotaur Fighter on Sept 1, 2022.
             Was the Champion of Okawaru.
             Demolished by Saint Roka
             ... wielding a +3 great mace of holy wrath
              (20 damage)
             ... on level 2 of the Orcish Mines on Sept 2, 2022.
             The game lasted 01:22:43 (21844 turns).

gelatine the Fighter (Minotaur Fighter)            Turns: 21844, Time: 01:22:44

Health: -18/129    AC: 22    Str: 34    XL:     14   Next: 27%
Magic:  13/15      EV: 18    Int: 12    God:    Okawaru [******]
Gold:   1697       SH: 12    Dex: 12    Spells: 13/13 levels left

rFire   . . .      SeeInvis .   Q - +9 eveningstar (holy)
rCold   . . .      Faith    .   c - +0 buckler
rNeg    . . .      Spirit   .   E - +0 plate armour
rPois   .          Reflect  +   s - +1 hat
rElec   .          Harm     .   (no cloak)
rCorr   .          Rampage  .   J - +2 pair of gloves
Will    +....                   O - +2 pair of boots
Stlth   ..........              D - amulet of Amavon {Reflect Str+4 Int+7 SH+5}
HPRegen 0.00/turn               l - +4 ring of evasion
MPRegen 0.14/turn               z - +6 ring of strength

@: heroic, inhibited regen, studying Throwing
A: horns 2, retaliatory headbutt, talons 1, deformed body, inhibited
regeneration, wild magic 1
a: Renounce Religion, Heroism, Finesse, Duel


You were on level 2 of the Orcish Mines.
You worshipped Okawaru.
Okawaru was exalted by your worship.
You visited 4 branches of the dungeon, and saw 18 of its levels.

You collected 1707 gold pieces.
You spent 10 gold pieces at shops.

Inventory:

Hand Weapons
 a - a +3 longbow of flaming
 i - a +2 broad axe of venom
 N - the +4 demon whip of Collusion {vamp, +Blink Str+2}
   (Okawaru gifted it to you on level 5 of the Lair of Beasts)

   It occasionally heals its wielder for a portion of the damage dealt when it
   wounds a living foe.
   Str:       It affects your strength (+2).
   +Blink:    It lets you blink.
 Q - a +9 eveningstar of holy wrath (weapon)
 T - a +0 war axe of electrocution
Missiles
 d - 2 boomerangs (quivered)
 G - a curare-tipped dart
Armour
 c - a +0 buckler (worn)
 s - a +1 hat (worn)
 A - the +1 robe of the Voivode {rElec Str+3 Dex-3}
   (Okawaru gifted it to you on level 5 of the Lair of Beasts)

   Str:       It affects your strength (+3).
   Dex:       It affects your dexterity (-3).
   rElec:     It insulates you from electricity.
 E - a +0 plate armour (worn)
 J - a +2 pair of gloves (worn)
 O - a +2 pair of boots (worn)
Jewellery
 j - an amulet of magic regeneration
 l - a +4 ring of evasion (left hand)
 z - a +6 ring of strength (right hand)
 D - the amulet of Amavon (around neck) {Reflect Str+4 Int+7 SH+5}
   (You acquired it on level 1 of the Lair of Beasts)

   [amulet of reflection]

   It reflects blocked missile attacks.
   Str:       It affects your strength (+4).
   Int:       It affects your intelligence (+7).
   SH:        It affects your SH (+5).
 F - a ring of fire
 H - a +6 ring of intelligence
 L - a ring of willpower
 R - an amulet of the acrobat
 U - a ring of fire
Wands
 h - a wand of polymorph (7)
 C - a wand of flame (9)
 K - a wand of iceblast (9)
 X - a wand of light (2)
Scrolls
 b - 2 scrolls of torment
 m - 2 scrolls of teleportation
 n - 3 scrolls of immolation
 o - 3 scrolls of butterflies
 p - 2 scrolls of magic mapping
 v - 5 scrolls of vulnerability
 w - 3 scrolls of poison
 y - 2 scrolls of noise
 W - a scroll of brand weapon
Potions
 e - 5 potions of flight
 f - 3 potions of curing
 k - 3 potions of brilliance
 q - 3 potions of attraction
 r - 2 potions of cancellation
 u - 2 potions of ambrosia
 B - 2 potions of haste
 M - a potion of invisibility
 P - a potion of berserk rage {unknown}


   Skills:
 * Level 13.3(18.3) Fighting
 + Level 10.8(18.5) Axes
 * Level 13.0(19.5) Maces & Flails
 + Level 2.5(12.3) Polearms
 + Level 8.5(13.5) Throwing
 * Level 13.3(18.3) Armour
 * Level 9.4(14.4) Dodging
 + Level 3.5(8.5) Stealth
 * Level 9.8(14.8) Shields
 * Level 3.8 Invocations
 + Level 0.4 Evocations


You had 13 spell levels left.
You didn't know any spells.
Your spell library contained the following spells:

 Spells                   Type           Power      Damage    Failure   Level
 Sublimation of Blood     Necr           0%         N/A       95%         2
 Gell's Gravitas          Tloc           0%         N/A       99%         3
 Lesser Beckoning         Tloc           0%         N/A       99%         3
 Portal Projectile        Hex/Tloc       0%         N/A       99%         3
 Teleport Other           Tloc           0%         N/A       99%         3
 Cause Fear               Hex            0%         N/A       100%        4
 Petrify                  Tmut/Erth      0%         N/A       100%        4
 Blade Hands              Tmut           0%         N/A       100%        5
 Freezing Cloud           Conj/Ice/Air   0%         6-21      100%        5
 Irradiate                Conj/Tmut      0%         3d11      100%        5
 Dragon Form              Tmut           0%         N/A       100%        7
 Orb of Destruction       Conj           0%         9d5       100%        7
 Polar Vortex             Ice            0%         N/A       100%        9
 Summon Guardian Golem    Hex/Summ       Unusable   N/A       N/A         3
 Tukima's Dance           Hex            Unusable   N/A       N/A         3
 Simulacrum               Ice/Necr       Unusable   N/A       N/A         6
 Spellforged Servitor     Conj/Summ      Unusable   N/A       N/A         7
 Dragon's Call            Summ           Unusable   N/A       N/A         9

Dungeon Overview and Level Annotations

Branches:
Dungeon (10/15)            Temple (1/1) D:6            Lair (5/5) D:9
  Swamp (0/4) Lair:3       Spider (0/4) Lair:2        Slime (0/5) Lair:4
    Orc (2/2) D:10
    Elf: Orc:2

Altars:
Ashenzari
Cheibriados
Dithmenos
Elyvilon
Fedhas
Gozag
Hepliaklqana
Kikubaaqudgha
Makhleb
Nemelex Xobeh
Okawaru
Qazlal
Ru
Sif Muna
Trog
Uskayaw
Vehumet
Wu Jian
Xom
Yredelemnul
Zin
The Shining One
Lugonu

Shops:
Orc:1 :*

Portals:
Abyss: Lair:5

Annotations:
Lair:4 exclusion: 2 oklob plants
Orc:2 Saint Roka


Innate Abilities, Weirdness & Mutations

You have a pair of horns on your head.
You reflexively headbutt those who attack you in melee.
You have sharp toenails.
Armour fits poorly on your strangely shaped body.
You do not regenerate when monsters are visible.
Your spells are a little harder to cast, but a little more powerful.


Message History

Beogh smites you!
You throw a boomerang.
The boomerang completely misses the orc wizard.
You throw a boomerang.
The boomerang barely misses the orc wizard.
You throw a boomerang. The boomerang hits the orc wizard.
The orc wizard is heavily wounded.
You throw a boomerang. The boomerang misses the orc wizard.
The orc shouts!
You impale the orc wizard!!
You kill the orc wizard!
Okawaru accepts your kill.
You closely miss the orc wizard.
Saint Roka mumbles some strange prayers to Beogh against you.
Beogh smites you!
You miss the orc wizard.
The orc wizard hits you but does no damage.
Saint Roka calls down the wrath of Beogh upon you.
Beogh smites you!
You spit the orc wizard like a pig!!!
You kill the orc wizard!
Okawaru accepts your kill.
Saint Roka calls down the wrath of Beogh upon you.
Beogh smites you!
You sock the orc!
You kill the orc!
You block Saint Roka's attack.
Things that are here:
a +0 flail; a +0 dagger; a +0 robe You impale Saint Roka!!
You headbutt Saint Roka!!
Saint Roka is moderately wounded.
Saint Roka hits you with a +3 great mace of holy wrath!!!
* * * LOW HITPOINT WARNING * * *
You feel better.
Saint Roka hits you with a +3 great mace of holy wrath!!
* * * LOW HITPOINT WARNING * * *
You cannot coerce anything to answer your summons.
You gain the combat prowess of a mighty hero.
Saint Roka hits you with a +3 great mace of holy wrath!!
You die...

................# ###8...8#
................## .....#
.................# .o...#
.................# ........
................#####.........
..................8.....
......................).
........................
................@o.......o......
........)..#...)..8..(.....(...
..............#.#####..[.([.(.
..............### .....(.
...)).##...#...# #.[((.#
..#)).##...##.## #.(.(.#
...#...)..##### #8(([8###
...#...)...# #.[[o.#.##
#.##..)#).## ###.....#..#


You could see Saint Roka.

Vanquished Creatures
  Nessos (Lair:3)
  Fannar (Orc:1)
  A boulder beetle (Lair:4)
  4 hydras
  2 two-headed ogres (D:9)
  4 thrashing horrors (Lair:5)
  An orc high priest (Orc:2)
  Sonja (Lair:3)
  Nergalle (D:10)
  4 orc knights (Orc:2)
  A lindwurm (Lair:5)
  A large abomination (Lair:5)
  2 ugly things (Lair:5)
  4 orc sorcerers (Orc:2)
  9 elephants
  2 black mambas
  3 smoke demons (Lair:5)
  11 cane toads
  A cane toad (shapeshifter) (Lair:5)
  2 komodo dragons
  3 rime drakes
  8 trolls
  An ancient zyme (Lair:5)
  4 slime creatures (Lair:4)
  6 polar bears
  30 blink frogs
  Grinder (D:4)
  6 dream sheep (Lair:5)
  A shadow (D:7)
  A spriggan (Lair:5)
  3 wyverns
  34 yaks
  A ynoxinul (Lair:5)
  2 wraiths (D:9)
  A steam dragon (D:8)
  3 chaos spawn (Lair:5)
  10 basilisks
  A redback (Lair:2)
  13 water moccasins
  3 wargs
  Duvessa (D:4)
  An ice beast (D:8)
  21 orc warriors
  2 ogres
  2 sky beasts
  The ghost of Lemondrips the Chopper, an amateur HuBe of Trog (D:3)
  6 wolves (Lair:5)
  4 centaurs
  A phantom (D:5)
  4 kobold brigands
  Blork the orc (Orc:2)
  8 bullfrogs
  15 small abominations (Lair:5)
  2 scorpions
  A necrophage (D:7)
  13 wights
  Dowan (D:4)
  9 killer bees
  3 electric eels
  6 howler monkeys
  A hound (D:5)
  13 orc priests
  2 gnoll boudas
  2 jellies
  2 iguanas
  20 orc wizards
  4 adders
  16 gnolls
  A white imp (D:6)
  4 worms
  3 dart slugs
  42 orcs
  9 bats
  An endoplasm (D:4)
  8 giant cockroaches
  11 goblins
  11 hobgoblins
  13 jackals
  24 kobolds
  5 quokkas
  7 ball pythons
  4 frilled lizards (D:1)
  4 rats
  A bush (Lair:5)
498 creatures vanquished.

Vanquished Creatures (others)
  An orc wizard (Orc:2)
  An adder (D:6)
  25 bushes (Lair:5)
  22 fungi
  85 plants
  3 withered plants (D:5)
137 creatures vanquished.

Grand Total: 635 creatures vanquished

Notes
Turn   | Place    | Note
-------+----------+-------------------------------------------
     0 | D:1      | gelatine the Minotaur Fighter began the quest for the Orb.
     0 | D:1      | Reached XP level 1. HP: 19/19 MP: 0/0
    21 | D:1      | Reached XP level 2. HP: 27/27 MP: 1/1
   329 | D:1      | Reached XP level 3. HP: 33/33 MP: 2/2
   996 | D:2      | Found a faded altar of an unknown god.
  1150 | D:3      | Reached XP level 4. HP: 36/41 MP: 3/3
  1155 | D:3      | HP: 2/41 [orc/+0 trident (6)]
  1604 | D:3      | You fall into a shaft and drop 3 floors!
  1696 | D:6      | Reached skill level 1 in Throwing
  1696 | D:6      | Reached XP level 5. HP: 46/47 MP: 4/4
  1728 | D:6      | Reached skill level 1 in Dodging
  1728 | D:6      | Reached skill level 1 in Stealth
  1759 | D:5      | Entered Level 5 of the Dungeon
  1784 | D:5      | Found an ancient bone altar of Kikubaaqudgha.
  1791 | D:5      | Reached skill level 5 in Fighting
  1793 | D:5      | Reached XP level 6. HP: 48/56 MP: 5/5
  1948 | D:4      | Noticed a sky beast
  2042 | D:3      | Found a snail-covered altar of Cheibriados.
  2060 | D:3      | Reached skill level 5 in Armour
  2292 | D:3      | Reached skill level 5 in Axes
  2344 | D:3      | Found an opulent altar of Gozag.
  2380 | D:3      | Found a runed translucent door.
  2381 | D:3      | Noticed Lemondrips's ghost (amateur HuBe)
  2388 | D:3      | Killed Lemondrips's ghost
  2549 | D:4      | Noticed Duvessa
  2549 | D:4      | Noticed Dowan
  2561 | D:4      | Killed Duvessa
  2562 | D:4      | Reached XP level 7. HP: 32/61 MP: 6/6
  2565 | D:4      | Killed Dowan
  2661 | D:4      | Reached skill level 1 in Maces & Flails
  2832 | D:4      | Noticed Grinder
  2840 | D:4      | Paralysed by Grinder for 4 turns
  2848 | D:4      | Killed Grinder
  3097 | D:5      | Found a basalt altar of Yredelemnul.
  3105 | D:5      | Reached XP level 8. HP: 53/70 MP: 7/7
  3934 | D:6      | Found a sparkling altar of Nemelex Xobeh.
  4359 | D:6      | Found a staircase to the Ecumenical Temple.
  5036 | D:6      | Reached skill level 5 in Throwing
  5036 | D:6      | Reached XP level 9. HP: 15/79 MP: 8/8
  5042 | D:6      | Reached skill level 1 in Polearms
  5348 | D:6      | Found a bloodstained altar of Trog.
  5348 | D:6      | Found an ornate altar of the Wu Jian Council.
  5348 | D:6      | Found a shadowy altar of Dithmenos.
  5348 | D:6      | Found a shimmering blue altar of Sif Muna.
  5365 | D:6      | Found a hazy altar of Hepliaklqana.
  5369 | D:6      | Found a broken altar of Ashenzari.
  5417 | D:6      | Found a stormy altar of Qazlal.
  5702 | Temple   | Entered the Ecumenical Temple
  6114 | D:7      | Identified 3 scrolls of acquirement
  6460 | D:7      | Found a radiant altar of Vehumet.
  6472 | D:7      | Reached skill level 5 in Shields
  6805 | D:7      | Reached XP level 10. HP: 41/91 MP: 9/9
  8547 | D:9      | Reached skill level 10 in Fighting
  8969 | D:9      | Reached skill level 10 in Axes
  9015 | D:9      | Found a burning altar of Makhleb.
  9200 | D:9      | Noticed a two-headed ogre
  9213 | D:9      | Killed a two-headed ogre
  9214 | D:9      | Reached skill level 5 in Dodging
  9214 | D:9      | Reached XP level 11. HP: 83/101 MP: 10/10
  9284 | D:9      | Found a staircase to the Lair.
  9313 | D:9      | Noticed a two-headed ogre
  9324 | D:9      | Killed a two-headed ogre
  9338 | D:9      | Found a blossoming altar of Fedhas.
  9340 | D:9      | Found a sacrificial altar of Ru.
  9652 | D:9      | Found a glowing golden altar of the Shining One.
  9652 | D:9      | Found a white marble altar of Elyvilon.
  9653 | D:9      | Found a glowing silver altar of Zin.
  9768 | D:10     | Entered Level 10 of the Dungeon
 10093 | D:10     | Found a hide-covered altar of Uskayaw.
 10433 | D:10     | Found an iron altar of Okawaru.
 10446 | D:10     | Became a worshipper of Warmaster Okawaru
 10482 | D:10     | Acquired a +6 eveningstar of holy wrath
 10505 | D:10     | Found a staircase to the Orcish Mines.
 10515 | D:10     | Noticed Nergalle
 10532 | D:10     | Killed Nergalle
 10533 | D:10     | Reached skill level 10 in Armour
 10798 | D:10     | Found a shimmering altar of Xom.
 11039 | Lair:1   | Entered Level 1 of the Lair of Beasts
 11255 | Lair:1   | Reached * piety under Okawaru
 11444 | Lair:1   | Acquired a manual of Throwing
 11446 | Lair:1   | Acquired the amulet of Amavon {Reflect Str+4 Int+7 SH+5}
 11457 | Lair:1   | Noticed a six-headed hydra
 11465 | Lair:1   | Killed a six-headed hydra
 12270 | Lair:2   | Reached skill level 5 in Maces & Flails
 12277 | Lair:2   | Reached ** piety under Okawaru
 12988 | Lair:2   | Found a hole to the Spider Nest.
 13308 | Lair:3   | Noticed Sonja
 13320 | Lair:3   | Killed Sonja
 13326 | Lair:3   | Reached XP level 12. HP: 35/110 MP: 11/11
 13658 | Lair:3   | Reached *** piety under Okawaru
 13847 | Lair:3   | Noticed Nessos
 13854 | Lair:3   | Killed Nessos
 14057 | Lair:3   | Reached **** piety under Okawaru
 14663 | Lair:3   | Found a staircase to the Swamp.
 14986 | Lair:4   | Noticed an eight-headed hydra
 14991 | Lair:4   | Killed an eight-headed hydra
 15053 | Lair:4   | Noticed an eight-headed hydra
 15054 | Lair:4   | Found a staircase to the Slime Pits.
 15054 | Lair:4   | Identified the +3 leather armour "Dyegepof" {*Slow rElec
                  | rPois Stlth+}
 15060 | Lair:4   | Killed an eight-headed hydra
 15067 | Lair:4   | Noticed an eight-headed hydra
 15462 | Lair:4   | Killed an eight-headed hydra
 15462 | Lair:4   | Reached ***** piety under Okawaru
 15613 | Lair:4   | Noticed a boulder beetle
 15628 | Lair:4   | Killed a boulder beetle
 16188 | Lair:5   | Entered Level 5 of the Lair of Beasts
 16214 | Lair:5   | Identified the +4 demon whip of Collusion {vamp, +Blink
                  | Str+2} (Okawaru gifted it to you on level 5 of the Lair of
                  | Beasts)
 16214 | Lair:5   | Received a gift from Okawaru
 16372 | Lair:5   | Reached skill level 10 in Maces & Flails
 16372 | Lair:5   | Reached XP level 13. HP: 109/118 MP: 12/12
 16388 | Lair:4   | Reached skill level 1 in Invocations
 17328 | Lair:5   | Received a gift from Okawaru
 17801 | Lair:5   | Gained mutation: You are agile. (Dex +4, Str/Int -1)
                  | [potion of mutation]
 17801 | Lair:5   | Gained mutation: Your body sometimes deteriorates upon
                  | taking damage. [potion of mutation]
 17802 | Lair:5   | Lost mutation: You are agile. (Dex +4, Str/Int -1) [potion
                  | of mutation]
 17802 | Lair:5   | Lost mutation: Your body sometimes deteriorates upon taking
                  | damage. [potion of mutation]
 17802 | Lair:5   | Gained mutation: Your muscles are strong. (Str +4, Int/Dex
                  | -1) [potion of mutation]
 17802 | Lair:5   | Lost mutation: Your muscles are strong. (Str +4, Int/Dex
                  | -1) [potion of mutation]
 17802 | Lair:5   | Gained mutation: You have sharp toenails. [potion of
                  | mutation]
 17802 | Lair:5   | Gained mutation: Your spells are a little harder to cast,
                  | but a little more powerful. [potion of mutation]
 17880 | Lair:5   | Identified the +1 robe of the Voivode {rElec Str+3 Dex-3}
                  | (Okawaru gifted it to you on level 5 of the Lair of Beasts)
 17880 | Lair:5   | Received a gift from Okawaru
 18012 | Lair:5   | Reached ****** piety under Okawaru
 18671 | Lair:5   | Identified the +4 rapier "Worm's Wrath" {vamp, Str+4}
 19219 | Lair:5   | Found a corrupted altar of Lugonu.
 19219 | Lair:5   | Found a one-way gate to the infinite horrors of the Abyss.
 19516 | Orc:1    | Entered Level 1 of the Orcish Mines
 19661 | Orc:1    | Found Resmal's CLEARANCE SALE!.
 19680 | Orc:1    | Bought a scroll of identify for 10 gold pieces
 19707 | Orc:1    | Noticed Fannar
 19718 | Orc:1    | Killed Fannar
 19719 | Orc:1    | Reached XP level 14. HP: 120/129 MP: 15/15
 19784 | Orc:1    | Found Faw Jycs's Book Shoppe.
 20086 | Orc:2    | Entered Level 2 of the Orcish Mines
 20186 | Orc:2    | Noticed Blork the orc
 20211 | Orc:2    | Gained mutation: Armour fits poorly on your strangely
                  | shaped body. [a neqoxec]
 20213 | Orc:2    | Gained mutation: You do not regenerate when monsters are
                  | visible. [a neqoxec]
 20214 | Orc:2    | Killed Blork the orc
 20282 | Orc:2    | Identified the +9 morningstar of Causality {pain, *Noise
                  | Dex+4} (Okawaru gifted it to you on level 2 of the Orcish
                  | Mines)
 20282 | Orc:2    | Received a gift from Okawaru
 20567 | Orc:2    | Noticed Saint Roka
 21843 | Orc:2    | HP: 2/129 [Saint Roka/+3 great mace of holy wrath (24)]
 21844 | Orc:2    | Demolished by Saint Roka

Illustrated notes

Levels and vault maps discovered:
D:1:      dpeg_arrival_solitude, layout_rooms, corexii_item_surrounded_by_moat
D:2:      layout_rooms, dreamdust_ecumenical_altar_angels_and_demons
D:3:      layout_basic, nicolae_gozag_cash_rules_everything_around_me,
          mainiacjoe_overflow_small_starburst, ebering_ghost_reflecting_pool
D:4:      layout_rooms, uniq_grinder, uniq_duvessa
D:5:      layout_basic, lemuel_round_altar, yredelemnul_altar_generic,
          minmay_misc_feat_rows
D:6:      layout_loops_ring, nicolae_qazlal_scattered_showers,
          general_overflow_altar, minmay_overflow_temple_hex,
          minmay_temple_entry_tees, kennysheep_cross_bottleneck,
          chequers_big_river, hellmonk_bongcloud_opening, grunt_ministairs_5
D:7:      layout_loops_cross, nicolae_vehumet_altar_sigil, supply_closet_lemuel,
          hangedman_decor_growths, st_stairs_3, hangedman_decor_opposing
D:8:      layout_loops_ring, minivault_10
D:9:      layout_rooms, good_gods_temple_1, old_standard_altar,
          jmf_multi_god_temple, david_lair_shrubbed, nrook_mini_backslash
D:10:     layout_basic, nicolae_uskayaw_murder_on_the_dancefloor,
          mainiacjoe_overflow_concentric_impassable, okawaru_trees_2,
          orc_0_dummy, uniq_nergalle
Temple:   ebering_the_none_and_only
Lair:1:   layout_regular_city, gauntlet_entry_generic,
          cheibrodos_lair_lostbears, infiniplex_staircase_pool,
          grunt_megastairs_4, lemuel_fruit_fields
Lair:2:   layout_cave_pods, spider_nest_entry_webs
Lair:3:   layout_concentric_octagons, swamp_mist, minivault_25, uniq_nessos,
          uniq_sonja
Lair:4:   minmay_lair_oklob_chamber, layout_concentric_octagons,
          minmay_slime_entry_pillars
Lair:5:   hellmonk_lair_end_abyssal_woods, layout_cave_pods, minmay_hedge_maze,
          grunt_megastairs_3
Orc:1:    layout_caves, serial_shops, shop_statue, nicolae_shop_clearance,
          uniq_fannar
Orc:2:    grunt_orc_cross, layout_diamond_mine

Skill      XL: |  1  2  3  4  5  6  7  8  9 10 11 12 13 14 |
---------------+-------------------------------------------+-----
Fighting       | 4 5 6 7 9 10 11 12 13 | 13.3
Armour         | 4 5 6 7 9 11 12 13 | 13.3
Axes           | 3 4 5 8 10 | 10.8
Shields        | 4 5 6 7 8 9 |  9.8
Throwing       | 1 2 5 7 8 |  8.5
Dodging        | 1 2 3 5 6 8 9 |  9.4
Stealth        | 1 2 3 |  3.5
Maces & Flails | 2 3 6 10 12 13 | 13.0
Polearms       | 2 |  2.5
Invocations    | 3 |  3.8
Evocations     | |  0.4

Action                   |  1- 3 |  4- 6 |  7- 9 | 10-12 | 13-15 || total
-------------------------+-------+-------+-------+-------+-------++-------
Melee: War axe           |    80 |    68 |       |       |       ||   148
       Headbutt          |     4 |    13 |    45 |   117 |    74 ||   253
       Flail             |       |    24 |    62 |       |       ||    86
       Trident           |       |       |    48 |       |       ||    48
       Broad axe         |       |       |    74 |   244 |       ||   318
       Eveningstar       |       |       |       |   236 |   388 ||   624
Throw: Boomerang         |       |     9 |    94 |       |    30 ||   133
       Dart              |       |       |     7 |   135 |    79 ||   221
       Throwing net      |       |       |     2 |       |     1 ||     3
       Javelin           |       |       |       |       |     7 ||     7
Invok: Heroism           |       |       |       |     1 |     3 ||     4
Evoke: Wand              |       |       |       |     3 |     8 ||    11
  Use: Scroll            |       |     6 |     5 |    18 |    15 ||    44
       Potion            |       |     4 |       |     3 |     6 ||    13
 Stab: Fleeing           |       |       |       |       |     1 ||     1
       Invisible         |       |       |       |       |     1 ||     1
Armor: Scale mail        |    46 |     5 |       |       |       ||    51
       Chain mail        |       |    40 |    35 |       |       ||    75
       Plate armour      |       |       |    38 |   276 |   211 ||   525
Dodge: Dodged            |    69 |    59 |    98 |   303 |   230 ||   759
Block: Buckler           |    19 |    21 |    41 |   200 |   215 ||   496
       Reflection        |       |       |       |     1 |     9 ||    10
